 Dungeon Crawl Stone Soup version 0.30.1-9-gdf580d7c3d (webtiles) character file.

Game seed: 8536048679617435088

623 pop123321pop the Magician (level 7, -1/36 HPs)
             Began as a Deep Elf Conjurer on Sept 30, 2023.
             Slain by Duvessa
             ... wielding a +0 rapier
              (7 damage)
             ... on level 4 of the Dungeon.
             The game lasted 00:09:47 (3210 turns).

pop123321pop the Magician (Deep Elf Conjurer)       Turns: 3210, Time: 00:09:48

Health: -1/36      AC:  5    Str:  4    XL:     7   Next: 22%
Magic:  16/20      EV: 11    Int: 23    God:
Gold:   201        SH:  0    Dex: 15    Spells: 18/21 levels left

rFire   . . .        p - +1 dagger (elec)
rCold   . . .        (no shield)
rNeg    . . .        o - +2 leather armour {Will+}
rPois   .            (no helmet)
rElec   .            (no cloak)
rCorr   .            (no gloves)
SInv    .            (no boots)
Will    +....        c - amulet of magic regeneration
Stlth   ++           (no ring)
HPRegen 0.26/turn    (no ring)
MPRegen 0.57/turn

%: no passive effects
@: hasted, very quick
A: no striking features
a: no special abilities


You were on level 4 of the Dungeon.
You visited 1 branch of the dungeon, and saw 4 of its levels.

You collected 201 gold pieces.

Inventory:

Hand Weapons
 h - a +0 dagger of venom
 p - a +1 dagger of electrocution (weapon)
Armour
 o - a +2 leather armour of willpower (worn)
Jewellery
 c - an amulet of magic regeneration (around neck)
 f - an amulet of the acrobat
Wands
 k - a wand of flame (24)
Scrolls
 a - 2 scrolls of noise
 e - 2 scrolls of amnesia
 g - 2 scrolls of magic mapping {unknown}
 i - a scroll of teleportation
 l - a scroll of enchant weapon
 q - a scroll of brand weapon {unknown}
 r - a scroll of blinking {unknown}
 t - 2 scrolls of identify
Potions
 b - 2 potions of magic
 d - a potion of mutation
 j - a potion of haste
 m - 2 potions of brilliance {unknown}
 n - a potion of ambrosia
 s - a potion of degeneration {unknown}


   Skills:
 - Level 2.4 Dodging
 - Level 2.4 Stealth
 + Level 7.8 Spellcasting
 + Level 7.5 Conjurations


You had 18 spell levels left.
You knew the following spells:

 Your Spells              Type           Power      Damage    Failure   Level
a - Magic Dart            Conj           100%       1d8       1%          1
b - Searing Ray           Conj           86%        2d7       1%          2

Your spell library contained the following spells:

 Spells                   Type           Power      Damage    Failure   Level
 Dazzling Flash           Conj/Hex       52%        N/A       9%          3
 Cigotuvi's Dreadful Rot  Necr/Pois/Air  18%        N/A       19%         2
 Fulminant Prism          Conj/Hex       13%        3d8       26%         4
 Iskenderun's Mystic Bla  Conj/Tloc      26%        2d7       26%         4
 Ignite Poison            Fire/Tmut/Pois 9%         N/A       36%         3
 Freezing Cloud           Conj/Ice/Air   10%        6-21      77%         5


Dungeon Overview and Level Annotations

Branches:
Dungeon (4/15)
 Temple: D:4-7

Altars:
Dithmenos
Nemelex Xobeh

Shops:
D:1 :!

Annotations:
D:4 Dowan, Duvessa


Message History

Aiming: Magic Dart (safe; 1% risk of failure)
Press: ? - help, Shift-Dir - straight line, p - Duvessa You can't see that place.
Okay, then.
Casting: Magic Dart (safe; 1% risk of failure)
Confirm with . or Enter, or press ? or * to list all spells.
Aiming: Searing Ray (safe; 1% risk of failure)
Press: ? - help, Shift-Dir - straight line, f/p - Duvessa
Aim: Duvessa, wielding a +0 rapier and wearing a +0 leather armour (moderately wounded, 84% to hit)
The searing ray hits Duvessa but does no damage.
Duvessa is moderately wounded. (Press . to maintain the ray.)
The searing ray hits Duvessa.
Duvessa is heavily wounded.
The searing ray hits Dowan!
Dowan is moderately wounded.
An orc comes into view. It is wielding a +0 club.
Dowan says, "Magic and the sword, together, will defeat you."
The searing ray hits Duvessa.
Duvessa is heavily wounded.
The searing ray hits Dowan!
Dowan is almost dead.
Dowan gestures at Duvessa while chanting.
Duvessa seems to speed up.
The searing ray hits Duvessa!
Duvessa is severely wounded.
You finish channelling your searing ray.
Duvessa hits you with a +0 rapier! Duvessa hits you with a +0 rapier.
Dowan hits you with a +0 dagger.
Duvessa says, "When magic and the sword combine, nothing stands against them."
Duvessa hits you with a +0 rapier.
You feel yourself speed up.
Duvessa says, "My weaknesses are his strengths!"
Duvessa hits you with a +0 rapier.
* * * LOW HITPOINT WARNING * * *
Dowan gestures at you while chanting. The puff of frost hits you.
* * * LOW HITPOINT WARNING * * *
Duvessa attacks as you move away! Duvessa hits you with a +0 rapier!
You die...

........ ....... .....#
....# ...# .... # #
..###...... # .#.
##e......... # #....#
##e@## ..... #
##..../###....# ......
##..##............##......
....##.........##.#.....#
....##[...###...........#
....#..##..##...........#
#.......##..#.............
#........#..#............#
####............#........#


You could see Duvessa (fast) and Dowan.

Vanquished Creatures
  Pikel (D:3)
  An orc priest (D:2)
  Ijyb (D:2)
  8 adders
  An ufetubus (D:4)
  2 dart slugs (D:1)
  2 orcs (D:2)
  5 endoplasms (D:1)
  2 giant cockroaches
  12 goblins
  2 hobgoblins
  3 quokkas
  11 ball pythons
  3 bats
  6 frilled lizards
  2 kobolds
  5 rats
67 creatures vanquished.

Notes
Turn   | Place    | Note
-------+----------+-------------------------------------------
     0 | D:1      | pop123321pop the Deep Elf Conjurer began the quest for the
                  | Orb.
     0 | D:1      | Reached XP level 1. HP: 10/10 MP: 6/6
    78 | D:1      | Found Wammil's Distillery.
   250 | D:1      | Reached XP level 2. HP: 15/15 MP: 5/8
   781 | D:1      | Found Atomas's Vocational Training.
   933 | D:1      | Reached skill level 5 in Conjurations
  1114 | D:1      | Reached XP level 3. HP: 19/19 MP: 6/10
  1331 | D:2      | Reached XP level 4. HP: 3/24 MP: 4/12
  1622 | D:2      | Reached skill level 5 in Spellcasting
  1715 | D:2      | Noticed Ijyb
  1741 | D:2      | Killed Ijyb
  1788 | D:2      | Learned a level 2 spell: Searing Ray
  2221 | D:3      | Found a sparkling altar of Nemelex Xobeh.
  2367 | D:3      | Reached XP level 5. HP: 28/28 MP: 12/14
  2375 | D:3      | Found a shadowy altar of Dithmenos.
  2698 | D:4      | Noticed Pikel
  2698 | D:4      | Noticed a lemure
  2698 | D:4      | Noticed a lemure
  2698 | D:4      | Noticed a lemure
  2698 | D:4      | Noticed a lemure
  2757 | D:4      | HP: 1/28 [Pikel/+1 whip of freezing (3)]
  2855 | D:3      | Killed Pikel
  2856 | D:3      | Reached XP level 6. HP: 12/32 MP: 9/18
  2856 | D:3      | Reached XP level 7. HP: 13/36 MP: 10/20
  3199 | D:4      | Noticed Duvessa
  3200 | D:4      | Noticed Dowan
  3210 | D:4      | Slain by Duvessa

Illustrated notes

Levels and vault maps discovered:
D:1:      evilmike_arrival_fibonacci_small, layout_basic, serial_shops, shop,
          chequers_serial_rivers_micro_c, nicolae_shop_vocational
D:2:      kennysheep_the_goblin_king, layout_loops_ring
D:3:      layout_basic, nicolae_dithmenos_shadow_blocks,
          nemelex_xobeh_ov_fountains_minmay
D:4:      layout_cave_pools, grunt_ministairs_12, minmay_snake_closets,
          uniq_ijyb, uniq_pikel, uniq_duvessa

Skill      XL: |  1  2  3  4  5 |
---------------+----------------+-----
Spellcasting   | 4 5 7 |  7.8
Conjurations   | 5 7 |  7.5
Dodging        | |  2.4
Stealth        | |  2.4

Action                     |  1- 3 |  4- 6 |  7- 9 || total
---------------------------+-------+-------+-------++-------
  Melee: Dagger            |     5 |       |       ||     5
   Cast: Magic Dart        |    53 |    44 |    15 ||   112
         Searing Ray       |       |     6 |    11 ||    17
  Evoke: Wand              |       |     1 |       ||     1
    Use: Potion            |     1 |     1 |     1 ||     3
         Scroll            |       |     9 |       ||     9
 Armour: Robe              |     1 |       |       ||     1
         Leather armour    |       |     1 |     9 ||    10
  Dodge: Dodged            |     8 |    12 |    22 ||    42
